[Event "Team 45 45 League T68"]
[Site "Internet Chess Club"]
[Date "2016.03.13"]
[Round "1"]
[White "mattwang"]
[Black "FosterChess"]
[Result "1-0"]
[WhiteElo "1479"]
[BlackElo "1433"]
[Opening "Ruy Lopez: 5.O-O"]
[ECO "C78"]
[Time "16:00:27"]
[TimeControl "2700+45"]

1. e4 e5 2. Nf3 Nc6 3. Bb5 a6 4. Ba4 Nf6 5. O-O b5 6. Bb3 Bc5 7. c3 d6 8. d4 Bb6
9. Bg5 h6 10. Bh4 g5 11. dxe5 dxe5 12. Bg3 Qxd1 13. Rxd1 h5 14. Nxg5 h4 15. Nxf7
Rh7 16. Ng5 Rh5 17. Bf7+ Ke7 18. Bxh5 hxg3 19. hxg3 Nxh5 20. Rd3 Bd7 21. Rf3 Rg8
22. Nh3 Nf6 23. Nd2 Nh5 24. Kh2 Rh8 25. a4 Bxh3 26. gxh3 Ng7 27. axb5 axb5 28.
Nb3 Ne6 29. Rf5 Kd7 30. Rd1+ Ke7 31. Rd3 Rh6 32. Rdf3 Rh7 33. Kg2 Ba7 34. Rf6
Ncd8 35. R6f5 Nc6 36. g4 Bb6 37. g5 Rg7 38. Rg3 Ba7 39. h4 Bb8 40. h5 Nf4+ 41.
Kh2 Nxh5 42. Rh3 Nf4 43. Rh6 Kd7 44. Rhf6 Rh7+ 45. Rh6 Rg7 46. Nc5+ Kc8 {Black
resigns} 1-0

[Event "Team 45 45 League T68"]
[Site "Internet Chess Club"]
[Date "2016.03.11"]
[Round "1"]
[White "Roger43"]
[Black "junard"]
[Result "1-0"]
[WhiteElo "2124"]
[BlackElo "1979"]
[Opening "Sicilian: Najdorf, Zagreb (fianchetto) variation"]
[ECO "B91"]
[Time "17:08:59"]
[TimeControl "2700+45"]

1. e4 c5 2. Nf3 d6 3. d4 cxd4 4. Nxd4 Nf6 5. Nc3 a6 6. g3 e6 7. Bg2 Be7 8. O-O
O-O 9. a4 Qc7 10. g4 Nc6 11. g5 Nd7 12. f4 Nxd4 13. Qxd4 d5 14. Be3 Bc5 15. Qd2
dxe4 16. Nxe4 Bxe3+ 17. Qxe3 Rd8 18. Rad1 Nf8 19. Qc5 Rd7 20. Rxd7 Qxd7 21. Nd6
Rb8 22. a5 Qe7 23. Rd1 Ng6 24. Qa7 Qc7 25. Ne8 Qxf4 26. Nd6 Qg4 27. Rd4 Nf4 28.
Rxf4 Qxf4 29. Qxb8 Qe3+ 30. Kf1 Qc1+ 31. Kf2 Qd2+ 32. Kf3 Qd1+ 33. Ke3 Qe1+ 34.
Kd3 Qd1+ 35. Kc3 Qe1+ 36. Kb3 Qe3+ 37. Ka2 {Black resigns} 1-0

[Event "Team 45 45 League T68"]
[Site "Internet Chess Club"]
[Date "2016.03.13"]
[Round "1"]
[White "frontier"]
[Black "mejker"]
[Result "0-1"]
[WhiteElo "1865"]
[BlackElo "2129"]
[Opening "English opening"]
[ECO "A16"]
[Time "14:00:39"]
[TimeControl "2700+45"]

1. c4 Nf6 2. Nc3 d6 3. g3 g6 4. Bg2 Bg7 5. d3 O-O 6. e4 c5 7. Nge2 Nc6 8. O-O a6
9. h3 Bd7 10. Be3 Re8 11. f4 Rb8 12. Qd2 b5 13. Rae1 b4 14. Nd1 Qc8 15. Kh2 Qc7
16. g4 a5 17. Ng3 Bc8 18. Nf2 a4 19. g5 Nd7 20. Ng4 Nd4 21. f5 Ne5 22. Nh6+ Kh8
23. Bf4 Ndc6 24. Qd1 b3 25. a3 Bd7 26. h4 Rf8 27. h5 Bxh6 28. gxh6 gxf5 29. exf5
Rg8 30. Bh3 Nd4 31. Bxe5+ dxe5 32. Ne4 Bc6 33. f6 Bxe4 34. Rxe4 Rg5 35. Qe1 Rbg8
36. Qf2 e6 37. Qh4 Nf5 38. Bxf5 exf5 39. Re2 e4+ 40. Kh1 exd3 41. Ref2 Qc6+ 42.
Kh2 Rg2+ 43. Kh3 R2g4 {White resigns} 0-1

[Event "Team 45 45 League T68"]
[Site "Internet Chess Club"]
[Date "2016.03.12"]
[Round "1"]
[White "modiglani"]
[Black "ArturitoGalacti"]
[Result "1-0"]
[WhiteElo "1910"]
[BlackElo "1878"]
[Opening "Dutch"]
[ECO "A80"]
[Time "14:02:38"]
[TimeControl "2700+45"]

1. d4 f5 2. Nf3 d6 3. Bf4 Nf6 4. h3 g6 5. e3 Bg7 6. Bc4 e6 7. g4 Qe7 8. Nc3 Nc6
9. Qe2 e5 10. Bg5 fxg4 11. Nd5 Qd8 12. Nd2 gxh3 13. Ne4 Rf8 14. Nexf6+ Bxf6 15.
Nxf6+ Rxf6 16. Bxf6 Qxf6 17. O-O-O Bd7 18. d5 Ne7 19. Bb5 O-O-O 20. Bxd7+ Rxd7
21. Rxh3 h5 22. e4 Qf4+ 23. Qe3 Qxe3+ 24. Rxe3 Rd8 25. Rf3 Rh8 26. Rf7 Kd8 27.
Rg1 Ke8 28. Rf3 Rf8 29. Rxf8+ Kxf8 30. Kd2 Kf7 31. Ke3 Kf6 32. f4 exf4+ 33. Kxf4
Ng8 34. Rg5 Kf7 35. e5 dxe5+ 36. Rxe5 Ne7 37. c4 Kf6 38. Re6+ Kf7 39. Kg5 c6 40.
Rf6+ Ke8 41. d6 Nc8 42. Rxg6 Kd7 43. c5 b6 44. b4 a5 45. a3 axb4 46. axb4 bxc5
47. bxc5 {Black resigns} 1-0

[Event "Team 45 45 League T68"]
[Site "Internet Chess Club"]
[Date "2016.03.12"]
[Round "1"]
[White "LiangLiang"]
[Black "PolishRyszard"]
[Result "1-0"]
[WhiteElo "1850"]
[BlackElo "1898"]
[Opening "Robatsch defense: three pawns attack"]
[ECO "B06"]
[Time "12:00:48"]
[TimeControl "2700+45"]

1. e4 g6 2. d4 Bg7 3. f4 d5 4. e5 c5 5. dxc5 Nc6 6. Bb5 Nh6 7. Nf3 O-O 8. O-O
Qa5 9. a4 a6 10. Bd2 Qc7 11. Bd3 b6 12. Be3 d4 13. Nxd4 bxc5 14. Nxc6 Qxc6 15.
Qf3 Qxf3 16. Rxf3 Bb7 17. Rf1 Rac8 18. Na3 Nf5 19. Nc4 Rfd8 20. Bxf5 gxf5 21.
Rad1 Be4 22. Nb6 Bxc2 23. Nxc8 Bxd1 24. Nxe7+ Kf8 25. Bxc5 Ke8 26. Nxf5 Bf8 27.
Bxf8 Kxf8 28. a5 Be2 29. Rc1 Bd3 30. Nd6 f6 31. Rc7 fxe5 32. fxe5 Kg8 33. Kf2
Rb8 34. Ke3 Bg6 35. Rc8+ Rxc8 36. Nxc8 Kf7 37. Nd6+ Ke6 38. Kd4 Bh5 39. b4 Be2
40. b5 axb5 41. a6 {Black resigns} 1-0

[Event "Team 45 45 League T68"]
[Site "Internet Chess Club"]
[Date "2016.03.14"]
[Round "1"]
[White "bss2005"]
[Black "jonesey"]
[Result "1-0"]
[WhiteElo "1902"]
[BlackElo "1991"]
[Opening "Giuoco Piano: Anderssen variation"]
[ECO "C54"]
[Time "17:03:04"]
[TimeControl "2700+45"]

1. e4 e5 2. Nf3 Nc6 3. Bc4 Bc5 4. c3 Nf6 5. d4 exd4 6. e5 d5 7. Bb5 Ne4 8. cxd4
Bb4+ 9. Bd2 Nxd2 10. Nbxd2 Bd7 11. O-O O-O 12. Bd3 Bg4 13. Nb3 f6 14. Be2 Qe7
15. a3 Ba5 16. exf6 Rxf6 17. Ne5 Bxe2 18. Qxe2 Bb6 19. Rae1 Nxd4 20. Nxd4 Bxd4
21. Ng4 Qf7 22. Nxf6+ Qxf6 23. Qb5 c6 24. Qxb7 Rf8 25. Re2 Bb6 26. Rc2 d4 27.
Qxc6 Qf5 28. Re2 Kh8 29. Qe6 Qb5 30. Re5 Qa4 31. Rf5 Rg8 32. Rc1 h6 33. h3 d3
34. Rd5 Bxf2+ 35. Kh1 Re8 36. Qd7 Qe4 37. Rxd3 Qe2 38. Rdd1 Rf8 39. Rc8 Qxd1+
40. Qxd1 Rxc8 41. g4 Re8 42. Kg2 Bh4 43. b4 Re3 44. a4 Rg3+ 45. Kh2 Ra3 46. a5
Ra2+ 47. Kh1 Bf6 48. Qd7 Ra3 49. Kg2 Ra2+ 50. Kf3 Ra3+ 51. Ke4 Rb3 52. b5 Rb4+
53. Kd3 Rb3+ 54. Kc2 Rxh3 55. Qxa7 Rh2+ 56. Kd3 Rh3+ 57. Ke4 Rh4 58. Kf5 Kh7 59.
b6 Bd4 60. Qe7 Bf6 61. Qf7 Rh1 62. Qg6+ Kg8 63. b7 {Black resigns} 1-0

[Event "Team 45 45 League T68"]
[Site "Internet Chess Club"]
[Date "2016.03.14"]
[Round "1"]
[White "ChessRooklift"]
[Black "Knight8700"]
[Result "1-0"]
[WhiteElo "1853"]
[BlackElo "1840"]
[Opening "Nimzovich-Larsen attack: classical variation"]
[ECO "A01"]
[Time "19:00:14"]
[TimeControl "2700+45"]

1. b3 d5 2. Bb2 Nf6 3. e3 e6 4. f4 Nbd7 5. Nf3 g6 6. Be2 Bg7 7. O-O O-O 8. c4 c6
9. Ne5 Re8 10. Nc3 Qc7 11. d4 Rd8 12. cxd5 exd5 13. Rc1 Qd6 14. Qe1 Re8 15. Qh4
Ne4 16. Nb1 f6 17. Ba3 Qe6 18. Bg4 f5 19. Be2 Ndf6 20. Qe1 Bd7 21. Nd2 Nxd2 22.
Qxd2 Ne4 23. Qe1 Bf6 24. Rc2 Rac8 25. Bd3 Kg7 26. Bxe4 fxe4 27. Qb4 Rb8 28. Qd2
Kg8 29. Qe2 Kh8 30. Bb4 Rg8 31. Kh1 Rg7 32. a4 Rbg8 33. h3 Qe8 34. g4 Bc8 35.
Qg2 Qe6 36. Bc5 b6 37. Bb4 Bb7 38. Kh2 Rc8 39. Qg3 Be7 40. Bxe7 Qxe7 41. Rfc1 c5
42. Qf2 Qd6 43. Qh4 Rgc7 44. dxc5 Qe6 45. b4 Kg7 46. Qf2 g5 47. Qd2 gxf4 48.
exf4 Qf6 49. Kg3 bxc5 50. Rxc5 Qd6 51. Qd4 Kg8 52. Rxc7 Rxc7 53. Rxc7 Qxc7 54.
Qc5 Qd8 55. Qd4 a6 56. a5 Qe8 57. Qc5 Qd8 58. g5 Kg7 59. Qd4 Kg8 60. Ng4 h5 61.
Nf6+ Kf7 62. Nxh5 Qd6 63. Qg7+ {Black resigns} 1-0

[Event "Team 45 45 League T68"]
[Site "Internet Chess Club"]
[Date "2016.03.14"]
[Round "1"]
[White "gomeschess"]
[Black "Sempigreen"]
[Result "0-1"]
[WhiteElo "2106"]
[BlackElo "1761"]
[Opening "Sicilian: Kan, 5.Nc3"]
[ECO "B43"]
[Time "18:39:52"]
[TimeControl "2700+45"]

1. e4 c5 2. Nf3 e6 3. d4 cxd4 4. Nxd4 a6 5. Nc3 Qc7 6. Bd3 Nc6 7. Be3 Nf6 8. O-O
Bd6 9. h3 O-O 10. a4 Bh2+ 11. Kh1 Be5 12. Nce2 d5 13. f3 Nxd4 14. Bxd4 Bxd4 15.
Nxd4 dxe4 16. fxe4 Rd8 17. c3 e5 18. Ne2 Qb6 19. Qc2 Bxh3 20. Rf3 Bg4 21. Rg3
Qf2 22. Kh2 Rxd3 23. Qxd3 Bxe2 24. Qd2 {White resigns} 0-1

[Event "Team 45 45 League T68"]
[Site "Internet Chess Club"]
[Date "2016.03.14"]
[Round "1"]
[White "Heian"]
[Black "Skeptic1972"]
[Result "1/2-1/2"]
[WhiteElo "1763"]
[BlackElo "1561"]
[Opening "French: Two knights variation"]
[ECO "C00"]
[Time "16:56:06"]
[TimeControl "2700+45"]

1. e4 e6 2. Nf3 d5 3. Nc3 Nf6 4. exd5 exd5 5. d4 Be7 6. Bd3 Bg4 7. O-O O-O 8. h3
Bh5 9. Be2 Nc6 10. Be3 Rc8 11. Ne5 Bxe2 12. Nxe2 a6 13. Nxc6 bxc6 14. Qd3 Ra8
15. Qc3 Qd7 16. Nf4 Ne4 17. Qe1 c5 18. Rd1 cxd4 19. Rxd4 c6 20. Qd1 Qc7 21. Rd3
Rfe8 22. Ne2 Bd6 23. Nc3 Rab8 24. Nxe4 Rxe4 25. b3 Bf4 26. Bxf4 Qxf4 27. c4 dxc4
28. Rd8+ Re8 29. Rd4 Qc7 30. Rxc4 Rbd8 31. Qf3 Re6 32. Rfc1 Rdd6 33. b4 h6 34.
a4 Qb6 35. b5 cxb5 36. axb5 Qxb5 37. Rc8+ Re8 38. R8c5 Qb6 39. Rc6 Rxc6 40. Rxc6
{Game drawn by mutual agreement} 1/2-1/2

[Event "Team 45 45 League T68"]
[Site "Internet Chess Club"]
[Date "2016.03.10"]
[Round "1"]
[White "Gojira"]
[Black "FrankNautilus"]
[Result "0-1"]
[WhiteElo "1650"]
[BlackElo "1641"]
[Opening "Queen's bishop game"]
[ECO "D02"]
[Time "19:01:07"]
[TimeControl "2700+45"]

1. d4 d5 2. Nf3 Nf6 3. Bf4 e6 4. e3 c5 5. c3 Nc6 6. Nbd2 Bd6 7. Ne5 Qe7 8. Bd3
O-O 9. h3 Nd7 10. Ndf3 f6 11. Nxd7 Bxd7 12. h4 Bxf4 13. exf4 e5 14. dxe5 fxe5
15. Nxe5 Nxe5 16. fxe5 Qxe5+ 17. Qe2 Rae8 18. Qxe5 Rxe5+ 19. Kd2 Rxf2+ {White
resigns} 0-1

[Event "Team 45 45 League T68"]
[Site "Internet Chess Club"]
[Date "2016.03.12"]
[Round "1"]
[White "QuieroAprender"]
[Black "Ajolote"]
[Result "1/2-1/2"]
[WhiteElo "1651"]
[BlackElo "1670"]
[Opening "Bogo-Indian defense"]
[ECO "E11"]
[Time "19:01:24"]
[TimeControl "2700+45"]

1. d4 Nf6 2. c4 e6 3. Nf3 Bb4+ 4. Bd2 Bxd2+ 5. Nbxd2 d6 6. e4 Nbd7 7. Bd3 e5 8.
O-O O-O 9. Qc2 exd4 10. Nxd4 Nc5 11. b4 Nxd3 12. Qxd3 Re8 13. f4 c5 14. Nb5 cxb4
15. Qxd6 a6 16. Qxd8 Rxd8 17. Nc7 Ra7 18. Nd5 Nxd5 19. cxd5 b5 20. Rac1 Bd7 21.
Nf3 Raa8 22. Rc7 Kf8 23. Ne5 Ke8 24. Rfc1 Rac8 25. Rxc8 Rxc8 26. Rxc8+ Bxc8 27.
Nc6 Bb7 28. Nxb4 a5 29. Nd3 f5 30. Nc5 Ba8 31. Ne6 Kd7 32. Nc5+ Kd6 33. Nb3 fxe4
34. Nxa5 Bxd5 35. Nb3 Bxb3 36. axb3 Kc5 37. Kf2 Kb4 38. g4 Kxb3 39. f5 h6 40. h4
Kc2 41. Ke3 b4 42. g5 hxg5 43. hxg5 b3 44. f6 gxf6 {Game drawn by mutual
agreement} 1/2-1/2

[Event "Team 45 45 League T68"]
[Site "Internet Chess Club"]
[Date "2016.03.09"]
[Round "1"]
[White "fireball"]
[Black "isolani"]
[Result "0-1"]
[WhiteElo "1568"]
[BlackElo "1414"]
[Opening "King's pawn opening"]
[ECO "B07"]
[Time "20:03:57"]
[TimeControl "2700+45"]

1. e4 d6 2. Nc3 e5 3. f4 Nf6 4. Nf3 Nbd7 5. Bc4 Be7 6. d3 O-O 7. f5 c6 8. Qe2 b5
9. Bb3 a5 10. a3 Bb7 11. h4 b4 12. Nd1 d5 13. Nf2 a4 14. Ba2 dxe4 15. dxe4 b3
16. cxb3 Ba6 17. Qc2 Nc5 18. Nxe5 Nfxe4 19. b4 Nxf2 20. Qxf2 Ne4 21. Qf4 Nf6 22.
Nxc6 Qe8 23. Nxe7+ Qxe7+ 24. Kf2 Qe2+ 25. Kg1 Bb7 26. Qf1 Qg4 27. Be3 Rfe8 28.
Qf4 Qxg2# {White checkmated} 0-1

[Event "Team 45 45 League T68"]
[Site "Internet Chess Club"]
[Date "2016.03.12"]
[Round "1"]
[White "Elalfer"]
[Black "otherook"]
[Result "0-1"]
[WhiteElo "1592"]
[BlackElo "1760"]
[Opening "Queen's pawn"]
[ECO "A40"]
[Time "13:01:13"]
[TimeControl "2700+45"]

1. d4 c6 2. c4 d6 3. Nf3 Bg4 4. e4 Nd7 5. Be2 e5 6. Be3 Ngf6 7. Nc3 Be7 8. O-O
O-O 9. h3 Bh5 10. Rb1 a5 11. a3 Re8 12. Qc2 Bf8 13. d5 Bg6 14. Nd2 Bh5 15. Rfe1
Bxe2 16. Rxe2 Nh5 17. b4 axb4 18. axb4 Nf4 19. Kh2 Nxe2 20. Nxe2 Be7 21. b5 c5
22. Nf3 Qa5 23. Bd2 Qa4 24. Nc3 {White resigns} 0-1

[Event "Team 45 45 League T68"]
[Site "Internet Chess Club"]
[Date "2016.03.12"]
[Round "1"]
[White "parrot9"]
[Black "krysto"]
[Result "1-0"]
[WhiteElo "1713"]
[BlackElo "1604"]
[Opening "French: Tarrasch, closed variation"]
[ECO "C05"]
[Time "12:12:43"]
[TimeControl "2700+45"]

1. e4 e6 2. d4 d5 3. Nd2 Nf6 4. e5 Nfd7 5. Bd3 c5 6. c3 Nc6 7. Ndf3 cxd4 8. cxd4
f6 9. exf6 Nxf6 10. Ne2 Bd6 11. Bf4 O-O 12. Bg3 Nh5 13. Bxd6 Qxd6 14. Ng3 Nf4
15. O-O e5 16. dxe5 Nxe5 17. Nxe5 Qxe5 18. Re1 Qxb2 19. Bc2 b6 20. Ne2 Bg4 21.
f3 Bxf3 22. gxf3 Nh3+ 23. Kg2 Qf6 24. Qxd5+ Kh8 25. Kxh3 Rad8 26. Qe4 Qh6+ 27.
Kg2 Rd2 28. Rad1 Qg5+ 29. Kf1 Rxd1 30. Qxh7# {Black checkmated} 1-0

[Event "Team 45 45 League T68"]
[Site "Internet Chess Club"]
[Date "2016.03.11"]
[Round "1"]
[White "portis2"]
[Black "crazyhorses"]
[Result "0-1"]
[WhiteElo "1524"]
[BlackElo "1386"]
[Opening "QGA, 4.e3"]
[ECO "D25"]
[Time "13:01:02"]
[TimeControl "2700+45"]

1. d4 d5 2. c4 dxc4 3. Nf3 Nf6 4. e3 a6 5. Bxc4 e6 6. a3 b5 7. Ba2 Bb7 8. Nc3 c5
9. O-O Be7 10. e4 b4 11. axb4 cxb4 12. e5 bxc3 13. exf6 Bxf6 14. bxc3 O-O 15.
Re1 Nd7 16. Rb1 Qc7 17. Bg5 Bxf3 18. Qxf3 Bxg5 19. Rb7 Qd6 20. c4 Nf6 21. c5
Qxd4 22. c6 Nd5 23. Reb1 Rac8 24. Bxd5 exd5 25. Qf5 Bf6 26. c7 Be5 27. Qxc8 Rxc8
28. Rb8 h5 29. Rxc8+ Kh7 30. Rh8+ Kxh8 31. c8=Q+ Kh7 32. Qf5+ Kg8 33. h4 g6 34.
Qf3 Qxh4 35. g3 Qf6 36. Qxd5 Kg7 37. Rb3 Ba1 38. Rf3 Qe6 39. Qxe6 fxe6 40. Ra3
Bd4 41. Rxa6 e5 42. Kg2 Kh6 43. f3 Kg5 44. Ra5 Kf6 45. Rb5 g5 46. Rb8 g4 47.
fxg4 hxg4 48. Rg8 Kf5 49. Rf8+ Ke4 50. Rg8 Kf5 51. Rf8+ Ke6 52. Kf1 e4 53. Rf4
Be5 54. Rxe4 Kf5 55. Rxe5+ Kxe5 56. Kf2 Kd4 57. Ke2 Ke4 58. Kf2 Kd3 59. Kg1 Ke2
60. Kg2 Ke3 61. Kg1 Kf3 62. Kf1 Kxg3 63. Kg1 Kf3 64. Kf1 g3 65. Kg1 g2 {White
resigns} 0-1

[Event "Team 45 45 League T68"]
[Site "Internet Chess Club"]
[Date "2016.03.12"]
[Round "1"]
[White "PsyMar"]
[Black "scostanzo212"]
[Result "0-1"]
[WhiteElo "1412"]
[BlackElo "1532"]
[Opening "Polish (Sokolsky) opening"]
[ECO "A00"]
[Time "11:00:33"]
[TimeControl "2700+45"]

1. b4 e5 2. Bb2 d6 3. c4 f6 4. e3 Be6 5. Nc3 Ne7 6. Nf3 d5 7. cxd5 Nxd5 8. Nxd5
Qxd5 9. b5 Nd7 10. Qa4 Nb6 11. Qc2 Rc8 12. Be2 Be7 13. O-O O-O 14. d4 exd4 15.
Nxd4 Qd7 16. Nxe6 Qxe6 17. a4 Kh8 18. a5 Nd5 19. Bc4 Qd7 20. Rfd1 c6 21. b6 axb6
22. axb6 Nb4 23. Qxh7+ Kxh7 24. Rxd7 Bc5 25. Rxb7 Rb8 26. Raa7 Rxb7 27. Rxb7 Kh6
28. Bd4 Bxd4 29. exd4 Rd8 30. Re7 Rxd4 31. Bf1 Nd5 32. Rd7 Rb4 33. b7 Nc3 34. g3
Ne4 35. Re7 Nd6 36. Ba6 c5 37. Rd7 Ne8 38. Rd8 Nc7 39. b8=Q Rxb8 40. Rxb8 Nxa6
41. Rc8 Kg5 42. Kf1 Kf5 43. Rc6 Nb4 44. Rxc5+ Kg6 45. Ke2 Na6 46. Ra5 Nc7 47.
Kd3 Ne6 48. f4 f5 49. Ra6 Kf7 50. Kc4 g6 51. Kd5 Nc7+ 52. Ke5 Nxa6 53. h4 Nc5
54. Kd5 Nd7 55. Kd6 Nf6 56. Ke5 Ng4+ 57. Kd6 Kf6 58. Kd7 Nh2 59. Kd6 Nf1 60. Kd5
Nxg3 61. Kd4 Kg7 62. Ke3 Kh6 63. Kf3 Ne4 64. Kg2 Kh5 65. Kh3 Nf2+ 66. Kg3 Nd3
67. Kf3 Kxh4 68. Ke3 Ne1 69. Kf2 Kg4 70. Kxe1 Kxf4 71. Kf2 g5 72. Kg2 Ke3 73.
Kg1 Ke2 74. Kg2 f4 75. Kh2 f3 76. Kg3 f2 77. Kg2 f1=Q+ 78. Kh2 Qf4+ 79. Kg2 Qg4+
80. Kh1 Kf2 81. Kh2 Qh4# {White checkmated} 0-1

[Event "Team 45 45 League T68"]
[Site "Internet Chess Club"]
[Date "2016.03.11"]
[Round "1"]
[White "rubo"]
[Black "clarinetref"]
[Result "0-1"]
[WhiteElo "1661"]
[BlackElo "1631"]
[Opening "Robatsch (modern) defense"]
[ECO "B06"]
[Time "19:31:11"]
[TimeControl "2700+45"]

1. e4 g6 2. d4 d6 3. Bc4 Bg7 4. Nf3 Nc6 5. c3 Nf6 6. Qe2 Bg4 7. Bf4 O-O 8. h3
Bxf3 9. Qxf3 e5 10. dxe5 Nxe5 11. Bb3 Nxf3+ {White resigns} 0-1

[Event "Team 45 45 League T68"]
[Site "Internet Chess Club"]
[Date "2016.03.13"]
[Round "1"]
[White "kutch"]
[Black "nosir"]
[Result "0-1"]
[WhiteElo "1522"]
[BlackElo "1488"]
[Opening "QGD semi-Slav: 5...Nd7"]
[ECO "D45"]
[Time "13:00:54"]
[TimeControl "2700+45"]

1. d4 d5 2. c4 c6 3. Nc3 Nf6 4. e3 e6 5. Nf3 Nbd7 6. cxd5 exd5 7. Bd3 g6 8. Bd2
Bg7 9. O-O O-O 10. Rb1 a6 11. b4 Nb6 12. a4 Re8 13. Qc2 Nc4 14. Bxc4 dxc4 15. b5
Bf5 16. Qb2 Bxb1 17. Rxb1 cxb5 18. axb5 axb5 19. Qxb5 Qc8 20. Ne5 Qf5 21. Qxc4
Re7 22. f3 Rc8 23. Qd3 Qxd3 24. Nxd3 Rec7 25. Rc1 Rd8 26. Nb5 Rxc1+ 27. Bxc1 Nd5
28. e4 Nc3 29. Nxc3 Bxd4+ 30. Kf1 Bxc3 31. Ke2 Kf8 32. Nc5 b5 33. Bg5 Rc8 34.
Nd7+ Ke8 35. Nb6 Rc6 36. Nd5 Kd7 37. Kd3 Ba5 38. f4 Bd8 39. Bxd8 Kxd8 40. g4 Kd7
41. f5 f6 42. h4 gxf5 43. exf5 Rd6 44. Ke4 Kc6 45. Ne7+ Kc5 46. Ng8 b4 47. g5 b3
48. gxf6 b2 49. f7 b1=Q+ 50. Kf4 Qf1+ 51. Ke5 Rd5+ 52. Ke6 Qxf5+ 53. Ke7 Rd7+
54. Ke8 Qxf7# {White checkmated} 0-1

[Event "Team 45 45 League T68"]
[Site "Internet Chess Club"]
[Date "2016.03.12"]
[Round "1"]
[White "PaulRichard"]
[Black "Kingfisher75"]
[Result "1-0"]
[WhiteElo "1773"]
[BlackElo "1552"]
[Opening "King's Indian: fianchetto, Kavalek (Bronstein) variation"]
[ECO "E62"]
[Time "17:01:38"]
[TimeControl "2700+45"]

1. Nf3 Nf6 2. c4 g6 3. Nc3 Bg7 4. g3 O-O 5. Bg2 d6 6. d4 c6 7. O-O Qa5 8. e4 Bg4
9. h3 Bxf3 10. Bxf3 Nbd7 11. Qe2 e5 12. d5 cxd5 13. cxd5 a6 14. a3 Qd8 15. Be3
Rc8 16. Rac1 h5 17. b4 b5 18. a4 Rc4 19. axb5 axb5 20. Nxb5 Rxb4 21. Nxd6 Qb8
22. Nc4 Rc8 23. Bd2 Ra4 24. Na5 Qa8 25. Rxc8+ Qxc8 26. Rc1 Qa8 27. Nc6 Bf8 28.
Bg5 Kh7 29. Bxf6 Nxf6 30. Nxe5 Ra1 31. Qe1 Ra3 32. Bg2 Bd6 33. Nxf7 Qf8 34. Nxd6
{Black resigns} 1-0

[Event "Team 45 45 League T68"]
[Site "Internet Chess Club"]
[Date "2016.03.20"]
[Round "1"]
[White "Aquaman"]
[Black "g8wrb"]
[Result "0-1"]
[WhiteElo "1314"]
[BlackElo "1330"]
[Opening "English, 1...Nf6 (Anglo-Indian defense)"]
[ECO "A15"]
[Time "14:04:51"]
[TimeControl "2700+45"]

1. c4 Nf6 2. g3 e6 3. Bg2 d5 4. cxd5 exd5 5. e3 Bd6 6. Nf3 Bg4 7. O-O O-O 8. b3
c6 9. h3 Bh5 10. Ba3 Re8 11. Bxd6 Qxd6 12. d3 Nbd7 13. Qc2 Rac8 14. Nbd2 h6 15.
Rac1 Bg6 16. Ne1 Qe6 17. Ndf3 c5 18. Qd2 Bf5 19. Kh2 Ne5 20. Nxe5 Qxe5 21. Nf3
Qd6 22. Ne1 b6 23. Rd1 Rcd8 24. Nc2 Qc6 25. Rc1 Qb5 26. Ne1 Qd7 27. Nc2 Qb5 28.
Rcd1 Be6 29. Na3 Qa6 30. Nb1 Nh5 31. Nc3 Nf6 32. a4 Qc8 33. Nb5 Qd7 34. Nc3 Kf8
35. Ne2 Kg8 36. Nf4 Bf5 37. Qa2 Qd6 38. Qa1 Nh7 39. e4 Be6 40. exd5 Bf5 41. Nh5
Qe5 42. Qxe5 Rxe5 43. g4 Bc8 44. f4 Re2 45. Ng3 Rb2 46. Rb1 Rd2 47. Rfd1 Rf2 48.
Kg1 Rxf4 49. Nf5 Bxf5 50. gxf5 Rxf5 51. Be4 Rg5+ 52. Kh2 Nf6 53. Bg2 Nxd5 54.
Bxd5 Rdxd5 55. Rbc1 Rge5 56. Rc2 Re3 57. Rcd2 Rde5 58. Rg1 Rh5 59. Rg3 Rxg3 60.
Kxg3 Rf5 61. Kg2 Kf8 62. d4 Rd5 63. Kf3 Rxd4 64. Rxd4 cxd4 65. Ke4 g5 66. Kxd4
f5 67. Ke3 Ke7 68. b4 Ke6 69. Kf3 Ke5 70. Ke3 h5 71. Kf3 Kd4 72. b5 Kd3 73. Kg3
Ke3 74. Kg2 f4 75. Kg1 Kf3 76. Kh2 Kf2 77. Kh1 g4 78. Kh2 g3+ 79. Kh1 {White
resigns} 0-1

[Event "Team 45 45 League T68"]
[Site "Internet Chess Club"]
[Date "2016.03.14"]
[Round "1"]
[White "bardu"]
[Black "zorori"]
[Result "1-0"]
[WhiteElo "1434"]
[BlackElo "1432"]
[Opening "Grünfeld: exchange, classical variation"]
[ECO "D86"]
[Time "23:11:53"]
[TimeControl "2700+45"]

1. d4 Nf6 2. c4 g6 3. Nc3 d5 4. cxd5 Nxd5 5. e4 Nxc3 6. bxc3 Bg7 7. Bc4 O-O 8.
Ne2 Bd7 9. O-O Na6 10. Rb1 Rb8 11. Bxa6 bxa6 12. Be3 Bc6 13. d5 Bb5 14. Bxa7 Rb7
15. Bd4 c6 16. Bxg7 Kxg7 17. Qd4+ Kg8 18. c4 c5 19. Qc3 Bxc4 20. Qxc4 Rc7 21.
Qxa6 Qd7 22. Rfc1 Rfc8 23. Qb5 Qd6 24. a4 Ra7 25. Ra1 Qe5 26. f3 Raa8 27. Ng3
Rab8 28. Qc4 Rb4 29. Qc3 Qb8 30. Nf1 Rb3 31. Qc4 Rb2 32. Ne3 Qf4 33. Nd1 Qd2 34.
Nxb2 Qxb2 35. Qb5 Qf6 36. a5 Ra8 37. Qxc5 Ra6 38. Qc8+ Kg7 39. Qc3 Qxc3 40. Rxc3
Kf6 41. Rc6+ Rxc6 42. dxc6 Ke6 43. c7 Kd7 44. a6 Kxc7 45. a7 Kb7 46. a8=Q+ Kb6
47. Qc8 Kb5 48. Rb1+ {Black resigns} 1-0

[Event "Team 45 45 League T68"]
[Site "Internet Chess Club"]
[Date "2016.03.15"]
[Round "1"]
[White "houseofcook"]
[Black "herrahuu"]
[Result "1-0"]
[WhiteElo "1415"]
[BlackElo "1476"]
[Opening "Caro-Kann: exchange variation"]
[ECO "B13"]
[Time "11:00:14"]
[TimeControl "2700+45"]

1. e4 c6 2. d4 d5 3. exd5 cxd5 4. Bd3 Nc6 5. c3 Qc7 6. Ne2 Bg4 7. f3 Bh5 8. Nf4
Bg6 9. Nxg6 hxg6 10. g3 Qxg3+ 11. hxg3 Rxh1+ 12. Bf1 Nf6 13. Qe2 Nh5 14. Qg2
Nxg3 15. Qxg3 e6 16. Qg2 Rh5 17. Bf4 Be7 18. Bg3 O-O-O 19. Nd2 {Black resigns}
1-0

[Event "Team 45 45 League T68"]
[Site "Internet Chess Club"]
[Date "2016.03.11"]
[Round "1"]
[White "BrerRabbit"]
[Black "Visin"]
[Result "1/2-1/2"]
[WhiteElo "1434"]
[BlackElo "1262"]
[Opening "Queen's pawn, Mason variation"]
[ECO "D00"]
[Time "11:03:36"]
[TimeControl "2700+45"]

1. d4 d5 2. Bf4 Nf6 3. e3 Nc6 4. c4 e6 5. Nc3 a6 6. Nf3 Bd6 7. Bg3 Bxg3 8. hxg3
Bd7 9. a3 Qe7 10. Bd3 h6 11. Qc2 e5 12. cxd5 Nxd4 13. exd4 exd4+ 14. Ne2 Nxd5
15. Nxd4 c5 16. Nf3 O-O 17. O-O Rfe8 18. Rfe1 Qd6 19. Nc3 Nf6 20. Rad1 Qc7 21.
Ne4 Nxe4 22. Bxe4 Rad8 23. Bd5 b5 24. Rxe8+ Rxe8 25. Re1 Rxe1+ 26. Nxe1 Qe5 27.
Qe4 Qxb2 28. Qe3 Kf8 29. Bb7 c4 30. Bxa6 c3 31. Qc5+ Kg8 32. Qb4 Bf5 33. Bxb5
Qxb4 34. axb4 c2 35. Nxc2 Bxc2 36. Kf1 Kf8 37. Ke2 Be4 38. f3 Bb7 39. Kd3 Ke7
40. Kd4 Kd6 41. Bc4 f6 42. Bd3 g5 43. Be4 Ba6 44. Bd3 Bb7 45. Be4 Ba6 46. Bd3
Bb7 {Game drawn by repetition} 1/2-1/2

[Event "Team 45 45 League T68"]
[Site "Internet Chess Club"]
[Date "2016.03.14"]
[Round "1"]
[White "smsxman"]
[Black "Just-Jim"]
[Result "1-0"]
[WhiteElo "1427"]
[BlackElo "1278"]
[Opening "Philidor's defense"]
[ECO "C41"]
[Time "13:00:25"]
[TimeControl "2700+45"]

1. e4 d6 2. Nf3 e5 3. Nc3 f5 4. Bc4 Nf6 5. Ng5 d5 6. exd5 h6 7. Nf3 Bc5 8. Nxe5
Qe7 9. d4 Bd6 10. O-O Bxe5 11. dxe5 Ng4 12. d6 cxd6 13. exd6 Qf6 14. Re1+ Kd8
15. Bf4 Nxf2 16. Kxf2 Qh4+ 17. Bg3 Qf6 18. Be5 Qh4+ 19. Kg1 Qg5 20. Bd5 f4 21.
Qf3 Nd7 22. Bxf4 Qf6 23. Bxb7 Rb8 24. Bxc8 Kxc8 25. Qc6+ Kd8 26. Qc7# {Black
checkmated} 1-0

[Event "Team 45 45 League T68"]
[Site "Internet Chess Club"]
[Date "2016.03.13"]
[Round "1"]
[White "stantheman59"]
[Black "awesomecool"]
[Result "1/2-1/2"]
[WhiteElo "1245"]
[BlackElo "1103"]
[Opening "Four knights: Italian variation"]
[ECO "C55"]
[Time "11:00:22"]
[TimeControl "2700+45"]

1. e4 e5 2. Nf3 Nc6 3. Bc4 Nf6 4. Nc3 Nxe4 5. Nxe4 d5 6. Bd3 dxe4 7. Bxe4 Be6 8.
O-O Bd6 9. d4 exd4 10. Bxc6+ bxc6 11. Nxd4 O-O 12. Nxc6 Qf6 13. Nd4 Bd7 14. Nf3
Rfe8 15. c3 Qg6 {Game drawn by mutual agreement} 1/2-1/2